 Dungeon Crawl Stone Soup version 0.21.1-1-g345015fe64 (webtiles) character file.

6377 Peloso the Blocker (level 10, -12/63 HPs)
             Began as a Gargoyle Fighter on June 22, 2018.
             Was an Elder of Okawaru.
             Mangled by a two-headed ogre
             ... wielding a +0 giant spiked club
              (14 damage)
             ... on level 9 of the Dungeon.
             The game lasted 00:25:32 (9272 turns).

Peloso the Blocker (Gargoyle Fighter)               Turns: 9272, Time: 00:25:32

Health: -12/63     AC: 20    Str: 23    XL:     10   Next: 97%
Magic:  0/10       EV:  6    Int:  9    God:    Okawaru [****..]
Gold:   408        SH: 13    Dex:  9    Spells: 9/9 levels left

rFire    . . .     SeeInvis .   B - -3 mace (curse)
rCold    . . .     Gourm    .   c - +1 shield
rNeg     + . .     Faith    .   b - +0 plate armour
rPois    ∞         Spirit   +   (no helmet)
rElec    +         Reflect  .   s - scarf {Spirit}
rCorr    .         Harm     .   (no gloves)
MR       .....                  (no boots)
Stlth    ..........             (no amulet)
HPRegen  0.20/turn              (no ring)
MPRegen  0.12/turn              (no ring)

@: no status effects
A: negative energy resistance 1, electricity resistance, unbreathing,
petrification resistance, rot immunity, AC +7
a: Heroism, Renounce Religion


You were on level 9 of the Dungeon.
You worshipped Okawaru.
Okawaru was greatly pleased with you.
You were not hungry.

You visited 1 branch of the dungeon, and saw 9 of its levels.
You also visited: Sewer and Ossuary.

You collected 432 gold pieces.
You spent 24 gold pieces at shops.

Inventory:

Hand Weapons
 a - a +6 long sword
 d - the +6 great mace "Guzimuk" {freeze, rElec}
   (You found it on level 4 of the Dungeon)

   It has been specially enchanted to freeze those struck by it, causing extra
   injury to most foes and up to half again as much damage against particularly
   susceptible opponents.
   It can also slow down cold-blooded creatures.
   It insulates you from electricity.
 e - the +1 broad axe of Cheibriados {venom, *Noise +Inv rF++ Int+2}
   (You found it on level 6 of the Dungeon)

   It poisons the flesh of those it strikes.
   It affects your intelligence (+2).
   It greatly protects you from fire.
   It lets you turn invisible.
   It may make noises in combat.
 y - the +10 spear of Unoasi {freeze, *Corrode rF+ rN++ SInv}
   (You found it on level 8 of the Dungeon)

   It has been specially enchanted to freeze those struck by it, causing extra
   injury to most foes and up to half again as much damage against particularly
   susceptible opponents.
   It can also slow down cold-blooded creatures.
   It protects you from fire.
   It greatly protects you from negative energy.
   It lets you see invisible.
   It may corrode you when you take damage.
 B - a cursed -3 mace (weapon)
Missiles
 m - 42 bolts
Armour
 b - a +0 plate armour (worn)
 c - a +1 shield (worn)
 s - a scarf of spirit shield (worn)
Wands
 w - a wand of disintegration (14)
Scrolls
 g - 2 scrolls of identify
 k - 4 scrolls of fog
 p - 5 scrolls of teleportation
 u - 2 scrolls of magic mapping
 v - 3 scrolls of enchant weapon
Potions
 h - 2 potions of might
 i - 6 potions of heal wounds
 j - a potion of haste
 l - 2 potions of magic
 n - 4 potions of berserk rage
 o - a potion of resistance
 q - 8 potions of curing
 r - 2 potions of mutation {unknown}
 t - 3 potions of flight
 A - a potion of agility {unknown}
Books
 x - a book of Spatial Translocations

   Spells                             Type                      Level
   a - Blink                          Translocation                2
   b - Shroud of Golubria             Charms/Translocation         2
   c - Lesser Beckoning               Translocation                3
   d - Gell's Gravitas                Translocation                3
   e - Teleport Other                 Translocation                3
   f - Passage of Golubria            Translocation                4
Comestibles
 f - 18 rations


   Skills:
 + Level 7.5 Fighting
 + Level 9.1 Long Blades
 + Level 1.3 Maces & Flails
 + Level 7.6 Armour
 + Level 1.6 Dodging
 + Level 0.6 Stealth
 + Level 10.4 Shields
 + Level 0.4 Invocations


You had 9 spell levels left.
You didn't know any spells.

Dungeon Overview and Level Annotations

Branches:
Dungeon (9/15)             Temple (0/1) D:5
   Lair: D:8-11         Orc: D:9-12

Altars:
Ashenzari
Cheibriados
Dithmenos
Hepliaklqana
Kikubaaqudgha
Okawaru
Ru
Sif Muna
Trog
Uskayaw
Wu Jian
The Shining One

Shops:
D:4 *


Innate Abilities, Weirdness & Mutations

You are resistant to torment.
Your stone body is resilient. (AC +7)
You are immune to poison.
You resist negative energy. (rN+)
You are resistant to electric shocks. (rElec)
You can survive without breathing.
You are immune to petrification.
You are immune to rotting.


Message History

You barely miss the two-headed ogre.
The two-headed ogre is almost dead.
The two-headed ogre hits you with a giant spiked club!
* * * LOW HITPOINT WARNING * * *
You block the two-headed ogre's attack.
You hit the two-headed ogre but do no damage.
The two-headed ogre is almost dead.
The two-headed ogre hits you with a giant spiked club!
* * * LOW HITPOINT WARNING * * *
The two-headed ogre hits you but does no damage.
You barely miss the two-headed ogre.
The two-headed ogre is almost dead.
You block the two-headed ogre's attack.
The two-headed ogre hits you with a giant club.
* * * LOW HITPOINT WARNING * * *
Unknown command.
Your plate armour prevents you from hitting the two-headed ogre.
The two-headed ogre is almost dead.
The two-headed ogre hits you with a giant spiked club!
You die...

..####'######...####
...[...............+
..###########...####
....# ##.## #.#.#
#.# ..#.# #.### .##
# #...# .# ###.# ..
#@# #.....O.#
#.###.#.# .# #.....
.# ### #.# ## .# . .


You could see a two-headed ogre.

Vanquished Creatures
  Psyche (D:8)
  Prince Ribbit (D:8)
  Grinder (D:3)
  A hippogriff (D:7)
  Edmund (D:6)
  A water moccasin (D:7)
  2 orc warriors (D:8)
  2 ice beasts
  A phantom (D:7)
  2 black bears
  A sky beast (D:8)
  The ghost of Brecoman the Skirmisher, an amateur FoAK of Lugonu (D:4)
  9 ogres
  4 centaurs
  2 bullfrogs
  A big kobold (D:8)
  6 elf zombies (Ossuary)
  A gnoll sergeant (D:8)
  A scorpion (D:6)
  A water moccasin skeleton (D:7)
  11 killer bees
  8 wights
  5 crimson imps
  3 human zombies (Ossuary)
  2 bullfrog zombies
  4 centaur zombies
  2 jellies
  2 centaur skeletons
  An orc priest (D:8)
  4 hounds
  Terence (D:3)
  3 iguanas
  11 orc wizards
  A merfolk avatar (Sewer)
  2 merfolk sirens (Sewer)
  5 worker ants
  A killer bee zombie (D:7)
  A hound zombie (D:8)
  3 mummies (Ossuary)
  3 howler monkey zombies
  15 gnolls
  12 adders
  2 river rats (Sewer)
  An ooze (D:1)
  An adder zombie (D:5)
  2 worms
  3 dart slugs
  7 leopard geckos
  24 orcs
  13 giant cockroaches
  7 goblins
  10 hobgoblins
  2 jackals (D:7)
  19 kobolds
  2 quokkas (D:3)
  10 ball pythons
  6 bats
  9 frilled lizards
  A jackal skeleton (D:6)
  A leopard gecko skeleton (D:5)
  A quokka skeleton (D:7)
  28 rats
289 creatures vanquished.

Notes
Turn   | Place    | Note
-------+----------+-------------------------------------------
     0 | D:1      | Peloso the Gargoyle Fighter began the quest for the Orb.
     0 | D:1      | Reached XP level 1. HP: 14/14 MP: 1/1
    98 | D:1      | Reached XP level 2. HP: 13/19 MP: 2/2
   401 | D:1      | Reached XP level 3. HP: 15/23 MP: 3/3
   974 | D:2      | Found a snail-covered altar of Cheibriados.
  1062 | D:2      | Reached XP level 4. HP: 26/28 MP: 4/4
  1601 | D:2      | Reached skill level 4 in Shields
  1677 | D:3      | Noticed Grinder
  1691 | D:3      | Paralysed by Grinder for 3 turns
  1696 | D:3      | Paralysed by Grinder for 2 turns
  1850 | D:3      | Killed Grinder
  1850 | D:3      | Reached XP level 5. HP: 29/33 MP: 5/5
  1850 | D:3      | Reached XP level 6. HP: 34/38 MP: 6/6
  1887 | D:3      | Found a sacrificial altar of Ru.
  1952 | D:3      | Found a glowing golden altar of the Shining One.
  1952 | D:3      | Found a deep blue altar of Sif Muna.
  2010 | D:3      | Noticed Terence
  2017 | D:3      | Killed Terence
  2098 | D:3      | Found an iron altar of Okawaru.
  2110 | D:3      | Became a worshipper of Warmaster Okawaru
  2254 | D:3      | Reached skill level 5 in Shields
  2776 | D:4      | Found Jiuren's General Store.
  3028 | D:4      | Reached XP level 7. HP: 41/43 MP: 7/7
  3088 | D:4      | Noticed Brecoman's ghost (amateur FoAK)
  3104 | D:4      | Killed Brecoman's ghost
  3104 | D:4      | Reached skill level 5 in Armour
  3139 | D:4      | Got a dazzling great mace
  3149 | D:4      | Found an ornate altar of the Wu Jian Council.
  3354 | D:4      | Bought a scroll of identify for 24 gold pieces
  3690 | D:5      | Entered Level 5 of the Dungeon
  3690 | D:5      | Found a staircase to the Ecumenical Temple.
  3807 | D:4      | Reached skill level 5 in Long Blades
  3814 | D:4      | Reached * piety under Okawaru
  4155 | D:5      | Reached XP level 8. HP: 41/48 MP: 8/8
  4343 | D:5      | Reached skill level 6 in Shields
  4398 | D:5      | Reached skill level 1 in Dodging
  4399 | D:5      | Reached skill level 1 in Maces & Flails
  4535 | D:5      | Reached skill level 5 in Fighting
  4800 | D:5      | Reached ** piety under Okawaru
  4979 | D:6      | Noticed Edmund
  4983 | D:6      | Reached skill level 7 in Shields
  4985 | D:6      | Reached XP level 9. HP: 47/54 MP: 6/9
  5005 | D:6      | Killed Edmund
  5007 | D:6      | Found a hazy altar of Hepliaklqana.
  5021 | D:6      | Got an ichor-stained broad axe
  5028 | D:6      | Identified the cursed +1 broad axe of Cheibriados {venom, *Noise +Inv rF++ Int+2} (You found it on level 6 of the Dungeon)
  5031 | D:6      | Found a sand-covered staircase.
  5043 | Ossuary  | Entered an ossuary
  5234 | Ossuary  | Reached *** piety under Okawaru
  5409 | D:6      | Found a glowing drain.
  5419 | Sewer    | Entered a sewer
  6029 | D:6      | Found a shattered altar of Ashenzari.
  6182 | D:6      | Reached skill level 8 in Shields
  6601 | D:7      | Identified the +6 great mace "Guzimuk" {freeze, rElec} (You found it on level 4 of the Dungeon)
  6740 | D:7      | Reached XP level 10. HP: 43/61 MP: 10/10
  7148 | D:7      | Reached **** piety under Okawaru
  7148 | D:7      | Reached skill level 9 in Shields
  7535 | D:7      | Found a bloodstained altar of Trog.
  7591 | D:8      | Noticed Psyche
  7600 | D:8      | Killed Psyche
  7600 | D:8      | Received a gift from Okawaru
  7835 | D:8      | Noticed Prince Ribbit
  7850 | D:8      | Killed Prince Ribbit
  8064 | D:8      | Reached skill level 10 in Shields
  8109 | D:8      | Reached ***** piety under Okawaru
  8484 | D:8      | Got a pitted spear
  8485 | D:8      | Identified the +10 spear of Unoasi {freeze, *Corrode rF+ rN++ SInv} (You found it on level 8 of the Dungeon)
  9201 | D:9      | Found an ancient bone altar of Kikubaaqudgha.
  9201 | D:9      | Found a shadowy altar of Dithmenos.
  9219 | D:9      | Found a hide-covered altar of Uskayaw.
  9221 | D:9      | Found a faded altar of an unknown god.
  9223 | D:9      | Found a faded altar of an unknown god.
  9252 | D:9      | Noticed a two-headed ogre
  9271 | D:9      | HP: 2/63 [two-headed ogre/giant spiked club (4)]
  9272 | D:9      | Mangled by a two-headed ogre

Skill      XL: |  1  2  3  4  5  6  7  8  9 10 |
---------------+-------------------------------+-----
Long Blades    | 2 3 4 5 6 7 9 |  9.1
Shields        | 4 5 7 8 10 | 10.4
Fighting       | 4 5 6 7 |  7.5
Armour         | 4 5 6 7 |  7.6
Dodging        | 1 |  1.6
Maces & Flails | 1 |  1.3
Stealth        | |  0.6
Invocations    | |  0.4

Action                   |  1- 3 |  4- 6 |  7- 9 | 10-12 || total
-------------------------+-------+-------+-------+-------++-------
Melee: Long sword        |   104 |   206 |   567 |   264 ||  1141
       Mace              |       |       |    17 |   272 ||   289
Invok: Heroism           |       |       |     4 |     9 ||    13
Evoke: Wand              |       |       |       |     2 ||     2
  Use: Scroll            |       |       |    19 |       ||    19
       Potion            |       |       |     2 |     1 ||     3
  Eat: Chunk             |       |     7 |    10 |     7 ||    24
       Ration            |       |       |     1 |     1 ||     2
Armor: Scale mail        |    51 |    13 |       |       ||    64
       Plate armour      |       |   164 |   348 |   414 ||   926
Dodge: Dodged            |    33 |    38 |    87 |   180 ||   338
Block: Shield            |    54 |   173 |   366 |   557 ||  1150
       Rpst.: Long sword |     3 |    12 |    29 |    17 ||    61
